Connexion

Comets vs Bruins

Created - 25 mars 2024 at 06:54

Goals
1 2 3 T
Comets 1 3 0 4
Bruins 2 1 0 3
Shots
1 2 3 T
Comets 9 13 10 32
Bruins 12 8 18 38

GoalsPenalties
1st period
1. Bruins , Jakob Forsbacka-Karlsson 15 (Michal Kempny 30, Reilly Walsh 44) at 6:26
2. Bruins , Derek Grant 24 (Julius Honka 38, Josh Brook 43) at 6:40
3. Comets , Brandon Davidson 13 (Derek Ryan 50, Chris Terry 45) at 16:59
Michael Raffl (UTI) for Tripping (Minor) at 12:14
Frederik Gauthier (UTI) for Tripping (Minor) at 18:58
2nd period
4. Comets , Chris Terry 30 (Markus Niemelainen 35, Brandon Davidson 33) at 8:10 (PP)
5. Bruins , Reilly Walsh 16 (Derek Grant 33, Nathan Bastian 20) at 15:39 (PP)
6. Comets , Dennis Yan 12 (Jordan Schmaltz 10, Frederik Gauthier 16) at 15:51
7. Comets , Derek Ryan 42 (Chris Terry 46, Markus Niemelainen 36) at 18:16
Jansen Harkins (PRO) for Tripping (Minor) at 7:10
Jordan Schmaltz (UTI) for Holding (Minor) at 14:31
3rd period
No Goal
Brandon Davidson (UTI) for Tripping (Minor) at 7:00
Matej Stransky (PRO) for Hooking (Minor) at 14:10
Markus Niemelainen (UTI) for Interference (Minor) at 14:10
Goalie Stats
Connor Ingram (UTI), 35 saves from 38 shots - (0,921), W, 18-7-5, 60:00 minutes
Joey Daccord (PRO), 28 saves from 32 shots - (0,875), L, 37-20-4, 59:02 minutes
3 StarsOfficial
1 - Chris Terry (UTI)
2 - Derek Ryan (UTI)
3 - Dennis Yan (UTI)
Referees : Francois StLaurent and Dan Marouelli
Linesman : Ryan Galloway and Mark Shewchyk
Game Note
No Game Note
Finance
Level 1 -- Attendance: 2000 (100,00%) -- Ticket Income $70,000
Level 2 -- Attendance: 1000 (100,00%) -- Ticket Income $15,000
Total Attendance: 3000 (100,00%)
Total Ticket Income: $85,000
Other Income: $17,000
Total Income: $102,000



Team Name Goals Shots Shots Attemp Shots Blocked PIM HIT PP PK FO%
Comets 43267910201 / 1 (100%)156%
Bruins 33872114301 / 4 (25%)144%

Comets
Player Name POS G A P +/- PIM HIT SHT SB MP PP MP PP SHT PK MP PK SHT FO% FOT
Brandon DavidsonD1120213122:310:4012:1400% 0
Brendan SmithD0000040022:060:2003:4200% 0
Chase De LeoC/LW000-2013017:400:2000:00033% 3
Chris TerryLW/RW1232012018:080:4012:04033% 3
Cliff PuRW000001002:180:0000:0000% 0
Dennis YanLW1011031015:140:0000:100100% 1
Derek RyanC1122007124:520:4004:51069% 42
Frederik GauthierC0111211015:030:0000:00059% 22
Jordan SchmaltzD0111211115:210:0001:0900% 0
Kevin CzucmanD0001000115:310:0000:0000% 0
Logan NelsonC000000102:180:0000:0000% 2
Markus NiemelainenD0220223222:220:4003:2300% 0
Matt BartkowskiD0000000222:060:2003:4200% 0
Michael JolyRW0001011015:040:0000:0000% 0
Michael RafflLW/RW000-2223017:390:2010:00050% 2
Santeri VirtanenC000000000:180:0000:0000% 0
Trevor LewisC/RW0002021118:080:4002:04067% 3
Tyler AngleC000-2005024:120:2005:01043% 30
Bruins
Player Name POS G A P +/- PIM HIT SHT SB MP PP MP PP SHT PK MP PK SHT FO% FOT
Bryce KindoppRW0000003023:153:5720:34029% 7
Darren DietzD000-1000012:460:0000:0000% 0
Derek GrantC/LW/RW1120013021:443:5720:0000% 3
Hunter ShinkarukC/LW/RW000-1023018:013:0810:00050% 2
Igor ShvyrevC000-1011011:430:0000:00071% 17
Jakob Forsbacka-KarlssonC101100306:300:0000:26060% 5
Jansen HarkinsC000-1234018:313:0800:00048% 33
Jesse GrahamD000-1021112:460:0000:0000% 0
Josh BrookD0111023121:033:1820:4600% 0
Julius HonkaD0111022021:033:1810:4600% 0
Matej StranskyLW/RW000-1222011:240:0000:0000% 1
Michael TeplyLW000-1000011:430:0000:0000% 1
Michal KempnyD011-1061626:113:4700:1400% 0
Nathan BastianC/RW0110043123:153:5710:34035% 34
Reid BoucherC/LW/RW000-1016018:013:0810:0000% 3
Reilly WalshD112-1022226:113:4720:1400% 0
Ryan O'ReillyRW000102006:220:0000:000100% 1
Tyler WeissLW000100106:300:0000:2600% 1



Play-by-Play

1st period


0:01 of 1st period - Derek Ryan wins face-off versus Nathan Bastian in neutral zone.
0:36 of 1st period - Shot by Nathan Bastian.
0:36 of 1st period - Shot Misses the Net.
0:38 of 1st period - Shot by Derek Grant.
0:38 of 1st period - Shot Misses the Net.
0:47 of 1st period - Icing by Derek Ryan.
0:48 of 1st period - Derek Ryan wins face-off versus Hunter Shinkaruk in Comets zone.
1:01 of 1st period - Shot by Reid Boucher.
1:01 of 1st period - Stopped by Connor Ingram with a rebound.
1:12 of 1st period - Michael Raffl is hit by Reid Boucher.
1:16 of 1st period - Shot by Tyler Angle.
1:16 of 1st period - Stopped by Joey Daccord without a rebound.
1:17 of 1st period - Igor Shvyrev wins face-off versus Frederik Gauthier in Bruins zone.
1:17 of 1st period - Darren Dietz is hit by Dennis Yan and loses puck.
2:05 of 1st period - Icing by Kevin Czucman.
2:06 of 1st period - Dennis Yan wins face-off versus Jakob Forsbacka-Karlsson in Comets zone.
2:06 of 1st period - Dennis Yan is hit by Ryan O'Reilly.
2:24 of 1st period - Shot by Chase De Leo.
2:24 of 1st period - Stopped by Joey Daccord without a rebound.
2:25 of 1st period - Nathan Bastian wins face-off versus Tyler Angle in Bruins zone.
2:25 of 1st period - Nathan Bastian is hit by Michael Raffl.
2:31 of 1st period - Shot by Michael Raffl.
2:31 of 1st period - Stopped by Joey Daccord with a rebound.
2:40 of 1st period - Derek Grant is hit by Brendan Smith and loses puck.
2:44 of 1st period - Icing by Matt Bartkowski.
2:45 of 1st period - Tyler Angle wins face-off versus Reid Boucher in Comets zone.
2:45 of 1st period - Tyler Angle is hit by Jansen Harkins.
3:58 of 1st period - Shot by Chris Terry.
3:58 of 1st period - Shot Blocked by Michal Kempny.
4:00 of 1st period - Shot by Markus Niemelainen.
4:00 of 1st period - Stopped by Joey Daccord without a rebound.
4:01 of 1st period - Frederik Gauthier wins face-off versus Nathan Bastian in Bruins zone.
4:03 of 1st period - Michael Joly is hit by Julius Honka and loses puck.
5:16 of 1st period - Logan Nelson is hit by Jesse Graham and loses puck.
6:26 of 1st period - Shot by Jakob Forsbacka-Karlsson.
6:26 of 1st period - Goal by Jakob Forsbacka-Karlsson - Comets : 0 - Bruins : 1.
6:27 of 1st period - Nathan Bastian wins face-off versus Tyler Angle in neutral zone.
6:29 of 1st period - Off-side.
6:30 of 1st period - Nathan Bastian wins face-off versus Tyler Angle in neutral zone.
6:30 of 1st period - Nathan Bastian is hit by Chase De Leo.
6:36 of 1st period - Shot by Josh Brook.
6:36 of 1st period - Shot Misses the Net.
6:40 of 1st period - Shot by Derek Grant.
6:40 of 1st period - Goal by Derek Grant - Comets : 0 - Bruins : 2.
6:41 of 1st period - Frederik Gauthier wins face-off versus Jansen Harkins in neutral zone.
6:45 of 1st period - Dennis Yan is hit by Julius Honka and loses puck.
6:49 of 1st period - Dennis Yan is hit by Josh Brook and loses puck.
7:39 of 1st period - Icing by Julius Honka.
7:40 of 1st period - Jansen Harkins wins face-off versus Tyler Angle in Bruins zone.
8:06 of 1st period - Shot by Brandon Davidson.
8:06 of 1st period - Shot Misses the Net.
8:13 of 1st period - Icing by Josh Brook.
8:14 of 1st period - Derek Ryan wins face-off versus Jansen Harkins in Bruins zone.
8:17 of 1st period - Shot by Trevor Lewis.
8:17 of 1st period - Deflect By Derek Ryan.
8:17 of 1st period - Shot Misses the Net.
8:38 of 1st period - Icing by Julius Honka.
8:39 of 1st period - Frederik Gauthier wins face-off versus Jansen Harkins in Bruins zone.
9:28 of 1st period - Kevin Czucman is hit by Michal Kempny and loses puck.
9:52 of 1st period - Icing by Matej Stransky.
9:53 of 1st period - Igor Shvyrev wins face-off versus Chris Terry in Bruins zone.
10:55 of 1st period - Shot by Tyler Angle.
10:55 of 1st period - Stopped by Joey Daccord without a rebound.
10:56 of 1st period - Nathan Bastian wins face-off versus Tyler Angle in Bruins zone.
11:07 of 1st period - Shot by Chase De Leo.
11:07 of 1st period - Stopped by Joey Daccord without a rebound.
11:08 of 1st period - Jakob Forsbacka-Karlsson wins face-off versus Logan Nelson in Bruins zone.
11:08 of 1st period - Jakob Forsbacka-Karlsson is hit by Cliff Pu.
11:28 of 1st period - Shot by Cliff Pu.
11:28 of 1st period - Shot Misses the Net.
11:30 of 1st period - Shot by Logan Nelson.
11:30 of 1st period - Shot Misses the Net.
11:32 of 1st period - Shot by Logan Nelson.
11:32 of 1st period - Stopped by Joey Daccord without a rebound.
11:33 of 1st period - Nathan Bastian wins face-off versus Tyler Angle in Bruins zone.
11:35 of 1st period - Icing by Julius Honka.
11:36 of 1st period - Tyler Angle wins face-off versus Nathan Bastian in Bruins zone.
11:39 of 1st period - Shot by Chase De Leo.
11:39 of 1st period - Stopped by Joey Daccord without a rebound.
11:40 of 1st period - Tyler Angle wins face-off versus Nathan Bastian in Bruins zone.
11:40 of 1st period - Tyler Angle is hit by Michal Kempny.
11:53 of 1st period - Shot by Michael Raffl.
11:53 of 1st period - Deflect By Chase De Leo.
11:53 of 1st period - Shot Blocked by Michal Kempny.
11:57 of 1st period - Shot by Brandon Davidson.
11:57 of 1st period - Shot Blocked by Reilly Walsh.
12:09 of 1st period - Shot by Chase De Leo.
12:09 of 1st period - Shot Misses the Net.
12:14 of 1st period - Minor Penalty to Michael Raffl for Tripping.
12:15 of 1st period - Derek Ryan wins face-off versus Jansen Harkins in Comets zone.
12:15 of 1st period - Derek Ryan is hit by Hunter Shinkaruk.
12:36 of 1st period - Shot by Josh Brook.
12:36 of 1st period - Stopped by Connor Ingram without a rebound.
12:37 of 1st period - Derek Ryan wins face-off versus Derek Grant in Comets zone.
12:52 of 1st period - Shot by Bryce Kindopp.
12:52 of 1st period - Stopped by Connor Ingram with a rebound.
12:56 of 1st period - Shot by Reilly Walsh.
12:56 of 1st period - Stopped by Connor Ingram without a rebound.
12:57 of 1st period - Jansen Harkins wins face-off versus Trevor Lewis in Comets zone.
13:10 of 1st period - Shot by Josh Brook.
13:10 of 1st period - Shot Blocked by Trevor Lewis.
13:12 of 1st period - Shot by Jansen Harkins.
13:12 of 1st period - Deflect By Hunter Shinkaruk.
13:12 of 1st period - Shot Blocked by Brandon Davidson.
13:14 of 1st period - Shot by Julius Honka.
13:14 of 1st period - Stopped by Connor Ingram with a rebound.
13:16 of 1st period - Shot by Josh Brook.
13:16 of 1st period - Stopped by Connor Ingram without a rebound.
13:17 of 1st period - Derek Ryan wins face-off versus Nathan Bastian in Comets zone.
13:36 of 1st period - Shot by Reilly Walsh.
13:36 of 1st period - Shot Blocked by Markus Niemelainen.
13:45 of 1st period - Icing by Reilly Walsh.
13:46 of 1st period - Derek Ryan wins face-off versus Nathan Bastian in Bruins zone.
14:21 of 1st period - Shot by Jansen Harkins.
14:21 of 1st period - Deflect By Reid Boucher.
14:21 of 1st period - Stopped by Connor Ingram without a rebound.
14:22 of 1st period - Jansen Harkins wins face-off versus Frederik Gauthier in Comets zone.
14:28 of 1st period - Icing by Brandon Davidson.
14:29 of 1st period - Jansen Harkins wins face-off versus Frederik Gauthier in Comets zone.
14:30 of 1st period - Shot by Hunter Shinkaruk.
14:30 of 1st period - Stopped by Connor Ingram without a rebound.
14:31 of 1st period - Derek Ryan wins face-off versus Tyler Weiss in Comets zone.
14:31 of 1st period - Derek Ryan is hit by Ryan O'Reilly.
14:42 of 1st period - Shot by Derek Ryan.
14:42 of 1st period - Shot Misses the Net.
15:05 of 1st period - Icing by Brandon Davidson.
15:06 of 1st period - Derek Ryan wins face-off versus Nathan Bastian in Comets zone.
16:12 of 1st period - Off-side.
16:13 of 1st period - Igor Shvyrev wins face-off versus Frederik Gauthier in neutral zone.
16:21 of 1st period - Icing by Kevin Czucman.
16:22 of 1st period - Frederik Gauthier wins face-off versus Jansen Harkins in Comets zone.
16:22 of 1st period - Kevin Czucman is hit by Jansen Harkins and loses puck.
16:38 of 1st period - Shot by Reid Boucher.
16:38 of 1st period - Stopped by Connor Ingram without a rebound.
16:39 of 1st period - Igor Shvyrev wins face-off versus Derek Ryan in Comets zone.
16:42 of 1st period - Shot by Matej Stransky.
16:42 of 1st period - Deflect By Michael Teply.
16:42 of 1st period - Shot Hit the Post.
16:45 of 1st period - Icing by Brandon Davidson.
16:46 of 1st period - Nathan Bastian wins face-off versus Chris Terry in Comets zone.
16:55 of 1st period - Shot by Chris Terry.
16:55 of 1st period - Shot Misses the Net.
16:57 of 1st period - Shot by Derek Ryan.
16:57 of 1st period - Shot Misses the Net.
16:59 of 1st period - Shot by Brandon Davidson.
16:59 of 1st period - Goal by Brandon Davidson - Comets : 1 - Bruins : 2.
17:00 of 1st period - Chase De Leo wins face-off versus Jansen Harkins in neutral zone.
17:28 of 1st period - Shot by Reid Boucher.
17:28 of 1st period - Shot Misses the Net.
17:30 of 1st period - Shot by Josh Brook.
17:30 of 1st period - Shot Blocked by Matt Bartkowski.
17:32 of 1st period - Shot by Hunter Shinkaruk.
17:32 of 1st period - Shot Misses the Net.
17:34 of 1st period - Shot by Reid Boucher.
17:34 of 1st period - Shot Misses the Net.
17:38 of 1st period - Shot by Jansen Harkins.
17:38 of 1st period - Shot Misses the Net.
17:51 of 1st period - Icing by Tyler Angle.
17:52 of 1st period - Tyler Angle wins face-off versus Nathan Bastian in Comets zone.
18:00 of 1st period - Icing by Matt Bartkowski.
18:01 of 1st period - Nathan Bastian wins face-off versus Tyler Angle in Comets zone.
18:06 of 1st period - Shot by Derek Grant.
18:06 of 1st period - Shot Misses the Net.
18:11 of 1st period - Icing by Chase De Leo.
18:12 of 1st period - Tyler Angle wins face-off versus Igor Shvyrev in Comets zone.
18:12 of 1st period - Matt Bartkowski is hit by Igor Shvyrev and loses puck.
18:53 of 1st period - Icing by Matej Stransky.
18:54 of 1st period - Frederik Gauthier wins face-off versus Igor Shvyrev in Bruins zone.
18:56 of 1st period - Dennis Yan is hit by Michal Kempny and loses puck.
18:58 of 1st period - Minor Penalty to Frederik Gauthier for Tripping.
18:59 of 1st period - Nathan Bastian wins face-off versus Derek Ryan in Comets zone.
19:02 of 1st period - Shot by Julius Honka.
19:02 of 1st period - Shot Misses the Net.
19:10 of 1st period - Shot by Josh Brook.
19:10 of 1st period - Shot Blocked by Derek Ryan.
19:52 of 1st period - Shot by Reilly Walsh.
19:52 of 1st period - Shot Misses the Net.
19:54 of 1st period - Shot by Michal Kempny.
19:54 of 1st period - Shot Misses the Net.
19:58 of 1st period - Shot by Jansen Harkins.
19:58 of 1st period - Deflect By Hunter Shinkaruk.
19:58 of 1st period - Stopped by Connor Ingram without a rebound.
19:59 of 1st period - Derek Ryan wins face-off versus Jansen Harkins in Comets zone.
Goals for this period are 1 for Comets vs 2 for Bruins.
Shots for this period are 9 for Comets vs 12 for Bruins.

2nd period


0:01 of 2nd period - Derek Ryan wins face-off versus Nathan Bastian in neutral zone.
0:19 of 2nd period - Icing by Derek Grant.
0:20 of 2nd period - Tyler Angle wins face-off versus Nathan Bastian in Bruins zone.
0:20 of 2nd period - Derek Ryan is hit by Michal Kempny and loses puck.
0:41 of 2nd period - Shot by Derek Grant.
0:41 of 2nd period - Stopped by Connor Ingram without a rebound.
0:42 of 2nd period - Derek Ryan wins face-off versus Jansen Harkins in Comets zone.
0:59 of 2nd period - Icing by Brandon Davidson.
1:00 of 2nd period - Jakob Forsbacka-Karlsson wins face-off versus Frederik Gauthier in Comets zone.
1:00 of 2nd period - Jesse Graham is hit by Jordan Schmaltz and loses puck.
1:09 of 2nd period - Shot by Michael Joly.
1:09 of 2nd period - Stopped by Joey Daccord with a rebound.
1:11 of 2nd period - Shot by Frederik Gauthier.
1:11 of 2nd period - Shot Misses the Net.
1:33 of 2nd period - Shot by Tyler Weiss.
1:33 of 2nd period - Shot Misses the Net.
1:46 of 2nd period - Icing by Jordan Schmaltz.
1:47 of 2nd period - Frederik Gauthier wins face-off versus Nathan Bastian in Comets zone.
1:47 of 2nd period - Frederik Gauthier is hit by Derek Grant.
2:09 of 2nd period - Shot by Derek Ryan.
2:09 of 2nd period - Stopped by Joey Daccord without a rebound.
2:10 of 2nd period - Tyler Angle wins face-off versus Jansen Harkins in Bruins zone.
2:40 of 2nd period - Shot by Jansen Harkins.
2:40 of 2nd period - Stopped by Connor Ingram without a rebound.
2:41 of 2nd period - Derek Ryan wins face-off versus Nathan Bastian in Comets zone.
2:41 of 2nd period - Derek Ryan is hit by Nathan Bastian.
2:51 of 2nd period - Shot by Chris Terry.
2:51 of 2nd period - Shot Blocked by Michal Kempny.
3:39 of 2nd period - Icing by Darren Dietz.
3:40 of 2nd period - Igor Shvyrev wins face-off versus Tyler Angle in Bruins zone.
3:44 of 2nd period - Off-side.
3:45 of 2nd period - Jansen Harkins wins face-off versus Tyler Angle in neutral zone.
3:45 of 2nd period - Julius Honka is hit by Michael Raffl and loses puck.
4:00 of 2nd period - Shot by Tyler Angle.
4:00 of 2nd period - Shot Misses the Net.
4:05 of 2nd period - Julius Honka is hit by Brendan Smith and loses puck.
5:04 of 2nd period - Shot by Michal Kempny.
5:04 of 2nd period - Shot Misses the Net.
6:48 of 2nd period - Chase De Leo is hit by Jesse Graham and loses puck.
7:10 of 2nd period - Minor Penalty to Jansen Harkins for Tripping.
7:11 of 2nd period - Jakob Forsbacka-Karlsson wins face-off versus Derek Ryan in Bruins zone.
7:36 of 2nd period - Shot by Brandon Davidson.
7:36 of 2nd period - Stopped by Joey Daccord without a rebound.
7:37 of 2nd period - Tyler Angle wins face-off versus Bryce Kindopp in Bruins zone.
7:56 of 2nd period - Shot by Michael Raffl.
7:56 of 2nd period - Stopped by Joey Daccord without a rebound.
7:57 of 2nd period - Trevor Lewis wins face-off versus Bryce Kindopp in Bruins zone.
8:10 of 2nd period - Shot by Chris Terry.
8:10 of 2nd period - Goal by Chris Terry - Comets : 2 - Bruins : 2.
8:11 of 2nd period - Jansen Harkins wins face-off versus Frederik Gauthier in neutral zone.
8:30 of 2nd period - Shot by Michael Joly.
8:30 of 2nd period - Shot Misses the Net.
8:50 of 2nd period - Shot by Jesse Graham.
8:50 of 2nd period - Shot Misses the Net.
9:20 of 2nd period - Shot by Chase De Leo.
9:20 of 2nd period - Shot Misses the Net.
9:22 of 2nd period - Shot by Michael Raffl.
9:22 of 2nd period - Shot Misses the Net.
9:51 of 2nd period - Matt Bartkowski is hit by Reilly Walsh and loses puck.
10:22 of 2nd period - Shot by Bryce Kindopp.
10:22 of 2nd period - Stopped by Connor Ingram without a rebound.
10:23 of 2nd period - Jansen Harkins wins face-off versus Logan Nelson in Comets zone.
11:44 of 2nd period - Shot by Julius Honka.
11:44 of 2nd period - Stopped by Connor Ingram without a rebound.
11:45 of 2nd period - Tyler Angle wins face-off versus Matej Stransky in Comets zone.
11:45 of 2nd period - Tyler Angle is hit by Matej Stransky.
11:50 of 2nd period - Michael Raffl is hit by Michal Kempny and loses puck.
11:56 of 2nd period - Michael Raffl is hit by Michal Kempny and loses puck.
12:48 of 2nd period - Shot by Jakob Forsbacka-Karlsson.
12:48 of 2nd period - Stopped by Connor Ingram without a rebound.
12:49 of 2nd period - Frederik Gauthier wins face-off versus Nathan Bastian in Comets zone.
13:15 of 2nd period - Bryce Kindopp is hit by Markus Niemelainen and loses puck.
13:42 of 2nd period - Jansen Harkins is hit by Dennis Yan and loses puck.
13:55 of 2nd period - Shot by Jesse Graham.
13:55 of 2nd period - Stopped by Connor Ingram without a rebound.
13:56 of 2nd period - Derek Ryan wins face-off versus Igor Shvyrev in Comets zone.
14:31 of 2nd period - Minor Penalty to Jordan Schmaltz for Holding.
14:32 of 2nd period - Jansen Harkins wins face-off versus Derek Ryan in Comets zone.
14:42 of 2nd period - Icing by Julius Honka.
14:43 of 2nd period - Jansen Harkins wins face-off versus Derek Ryan in Bruins zone.
15:39 of 2nd period - Shot by Reilly Walsh.
15:39 of 2nd period - Goal by Reilly Walsh - Comets : 2 - Bruins : 3.
15:40 of 2nd period - Frederik Gauthier wins face-off versus Igor Shvyrev in neutral zone.
15:51 of 2nd period - Shot by Dennis Yan.
15:51 of 2nd period - Goal by Dennis Yan - Comets : 3 - Bruins : 3.
15:52 of 2nd period - Nathan Bastian wins face-off versus Tyler Angle in neutral zone.
16:02 of 2nd period - Icing by Brendan Smith.
16:03 of 2nd period - Igor Shvyrev wins face-off versus Tyler Angle in Comets zone.
16:07 of 2nd period - Matej Stransky is hit by Brendan Smith and loses puck.
16:11 of 2nd period - Icing by Brendan Smith.
16:12 of 2nd period - Tyler Angle wins face-off versus Bryce Kindopp in Comets zone.
16:29 of 2nd period - Shot by Tyler Angle.
16:29 of 2nd period - Stopped by Joey Daccord with a rebound.
16:31 of 2nd period - Shot by Michael Raffl.
16:31 of 2nd period - Shot Misses the Net.
17:05 of 2nd period - Shot by Derek Ryan.
17:05 of 2nd period - Stopped by Joey Daccord with a rebound.
17:07 of 2nd period - Shot by Markus Niemelainen.
17:07 of 2nd period - Shot Misses the Net.
17:09 of 2nd period - Shot by Markus Niemelainen.
17:09 of 2nd period - Stopped by Joey Daccord without a rebound.
17:10 of 2nd period - Frederik Gauthier wins face-off versus Jansen Harkins in Bruins zone.
17:56 of 2nd period - Icing by Reilly Walsh.
17:57 of 2nd period - Chris Terry wins face-off versus Jansen Harkins in Bruins zone.
18:10 of 2nd period - Shot by Chris Terry.
18:10 of 2nd period - Shot Blocked by Michal Kempny.
18:12 of 2nd period - Shot by Derek Ryan.
18:12 of 2nd period - Stopped by Joey Daccord with a rebound.
18:14 of 2nd period - Shot by Derek Ryan.
18:14 of 2nd period - Shot Misses the Net.
18:16 of 2nd period - Shot by Derek Ryan.
18:16 of 2nd period - Goal by Derek Ryan - Comets : 4 - Bruins : 3.
18:17 of 2nd period - Igor Shvyrev wins face-off versus Tyler Angle in neutral zone.
18:29 of 2nd period - Tyler Angle is hit by Matej Stransky and loses puck.
18:50 of 2nd period - Shot by Tyler Angle.
18:50 of 2nd period - Shot Misses the Net.
18:52 of 2nd period - Shot by Michael Raffl.
18:52 of 2nd period - Stopped by Joey Daccord with a rebound.
18:54 of 2nd period - Shot by Chase De Leo.
18:54 of 2nd period - Deflect By Tyler Angle.
18:54 of 2nd period - Shot Blocked by Jesse Graham.
18:56 of 2nd period - Shot by Michael Raffl.
18:56 of 2nd period - Shot Misses the Net.
19:12 of 2nd period - Shot by Derek Ryan.
19:12 of 2nd period - Stopped by Joey Daccord without a rebound.
19:13 of 2nd period - Derek Ryan wins face-off versus Nathan Bastian in Bruins zone.
19:13 of 2nd period - Derek Ryan is hit by Josh Brook.
19:30 of 2nd period - Nathan Bastian is hit by Markus Niemelainen and loses puck.
19:33 of 2nd period - Shot by Nathan Bastian.
19:33 of 2nd period - Stopped by Connor Ingram without a rebound.
19:34 of 2nd period - Frederik Gauthier wins face-off versus Jakob Forsbacka-Karlsson in Comets zone.
19:57 of 2nd period - Shot by Jakob Forsbacka-Karlsson.
19:57 of 2nd period - Shot Misses the Net.
Goals for this period are 3 for Comets vs 1 for Bruins.
Shots for this period are 13 for Comets vs 8 for Bruins.

3rd period


0:01 of 3rd period - Derek Ryan wins face-off versus Nathan Bastian in neutral zone.
0:12 of 3rd period - Shot by Trevor Lewis.
0:12 of 3rd period - Shot Misses the Net.
0:16 of 3rd period - Shot by Derek Ryan.
0:16 of 3rd period - Shot Misses the Net.
0:24 of 3rd period - Shot by Trevor Lewis.
0:24 of 3rd period - Stopped by Joey Daccord with a rebound.
0:26 of 3rd period - Shot by Markus Niemelainen.
0:26 of 3rd period - Stopped by Joey Daccord without a rebound.
0:27 of 3rd period - Tyler Angle wins face-off versus Jansen Harkins in Bruins zone.
0:31 of 3rd period - Icing by Reid Boucher.
0:32 of 3rd period - Hunter Shinkaruk wins face-off versus Michael Raffl in Bruins zone.
0:48 of 3rd period - Off-side.
0:49 of 3rd period - Derek Ryan wins face-off versus Nathan Bastian in neutral zone.
1:23 of 3rd period - Derek Grant is hit by Trevor Lewis and loses puck.
1:50 of 3rd period - Shot by Tyler Angle.
1:50 of 3rd period - Stopped by Joey Daccord without a rebound.
1:51 of 3rd period - Jansen Harkins wins face-off versus Frederik Gauthier in Bruins zone.
2:08 of 3rd period - Shot by Hunter Shinkaruk.
2:08 of 3rd period - Shot Blocked by Kevin Czucman.
2:14 of 3rd period - Shot by Josh Brook.
2:14 of 3rd period - Stopped by Connor Ingram with a rebound.
2:16 of 3rd period - Shot by Reid Boucher.
2:16 of 3rd period - Stopped by Connor Ingram without a rebound.
2:17 of 3rd period - Tyler Angle wins face-off versus Igor Shvyrev in Comets zone.
2:48 of 3rd period - Icing by Matt Bartkowski.
2:49 of 3rd period - Michael Raffl wins face-off versus Jansen Harkins in Comets zone.
2:49 of 3rd period - Michael Raffl is hit by Jansen Harkins.
3:24 of 3rd period - Icing by Julius Honka.
3:25 of 3rd period - Jansen Harkins wins face-off versus Derek Ryan in Bruins zone.
3:27 of 3rd period - Icing by Josh Brook.
3:28 of 3rd period - Derek Ryan wins face-off versus Jansen Harkins in Bruins zone.
3:35 of 3rd period - Shot by Derek Ryan.
3:35 of 3rd period - Stopped by Joey Daccord without a rebound.
3:36 of 3rd period - Derek Ryan wins face-off versus Nathan Bastian in Bruins zone.
3:39 of 3rd period - Shot by Chris Terry.
3:39 of 3rd period - Shot Blocked by Michal Kempny.
3:53 of 3rd period - Michal Kempny is hit by Trevor Lewis and loses puck.
4:49 of 3rd period - Off-side.
4:50 of 3rd period - Igor Shvyrev wins face-off versus Frederik Gauthier in neutral zone.
5:07 of 3rd period - Shot by Matej Stransky.
5:07 of 3rd period - Shot Misses the Net.
5:09 of 3rd period - Shot by Michael Teply.
5:09 of 3rd period - Shot Misses the Net.
5:22 of 3rd period - Shot by Matej Stransky.
5:22 of 3rd period - Stopped by Connor Ingram with a rebound.
5:24 of 3rd period - Shot by Igor Shvyrev.
5:24 of 3rd period - Stopped by Connor Ingram without a rebound.
5:25 of 3rd period - Derek Ryan wins face-off versus Reid Boucher in Comets zone.
5:25 of 3rd period - Derek Ryan is hit by Hunter Shinkaruk.
5:41 of 3rd period - Shot by Jansen Harkins.
5:41 of 3rd period - Stopped by Connor Ingram with a rebound.
5:55 of 3rd period - Shot by Reid Boucher.
5:55 of 3rd period - Stopped by Connor Ingram without a rebound.
5:56 of 3rd period - Nathan Bastian wins face-off versus Tyler Angle in Comets zone.
6:35 of 3rd period - Shot by Michael Raffl.
6:35 of 3rd period - Shot Blocked by Michal Kempny.
6:37 of 3rd period - Shot by Jordan Schmaltz.
6:37 of 3rd period - Stopped by Joey Daccord without a rebound.
6:38 of 3rd period - Jansen Harkins wins face-off versus Derek Ryan in Bruins zone.
6:40 of 3rd period - Icing by Julius Honka.
6:41 of 3rd period - Derek Ryan wins face-off versus Jansen Harkins in Bruins zone.
6:44 of 3rd period - Shot by Chris Terry.
6:44 of 3rd period - Stopped by Joey Daccord without a rebound.
6:45 of 3rd period - Jansen Harkins wins face-off versus Derek Ryan in Bruins zone.
6:45 of 3rd period - Jansen Harkins is hit by Chris Terry.
7:00 of 3rd period - Minor Penalty to Brandon Davidson for Tripping.
7:01 of 3rd period - Derek Ryan wins face-off versus Nathan Bastian in Comets zone.
7:20 of 3rd period - Shot by Bryce Kindopp.
7:20 of 3rd period - Shot Misses the Net.
7:22 of 3rd period - Shot by Nathan Bastian.
7:22 of 3rd period - Stopped by Connor Ingram with a rebound.
7:24 of 3rd period - Shot by Derek Grant.
7:24 of 3rd period - Stopped by Connor Ingram without a rebound.
7:25 of 3rd period - Derek Ryan wins face-off versus Jansen Harkins in Comets zone.
7:40 of 3rd period - Shot by Jansen Harkins.
7:40 of 3rd period - Shot Misses the Net.
7:42 of 3rd period - Shot by Josh Brook.
7:42 of 3rd period - Deflect By Reid Boucher.
7:42 of 3rd period - Stopped by Connor Ingram without a rebound.
7:43 of 3rd period - Nathan Bastian wins face-off versus Derek Ryan in Comets zone.
7:50 of 3rd period - Shot by Derek Grant.
7:50 of 3rd period - Shot Blocked by Matt Bartkowski.
7:52 of 3rd period - Shot by Michal Kempny.
7:52 of 3rd period - Shot Misses the Net.
7:54 of 3rd period - Shot by Nathan Bastian.
7:54 of 3rd period - Deflect By Bryce Kindopp.
7:54 of 3rd period - Stopped by Connor Ingram without a rebound.
7:55 of 3rd period - Derek Ryan wins face-off versus Jansen Harkins in Comets zone.
8:29 of 3rd period - Shot by Reilly Walsh.
8:29 of 3rd period - Shot Misses the Net.
8:32 of 3rd period - Reid Boucher is hit by Brendan Smith and loses puck.
9:12 of 3rd period - Shot by Frederik Gauthier.
9:12 of 3rd period - Stopped by Joey Daccord without a rebound.
9:13 of 3rd period - Frederik Gauthier wins face-off versus Michael Teply in Bruins zone.
9:19 of 3rd period - Matej Stransky is hit by Frederik Gauthier.
9:43 of 3rd period - Shot by Michael Joly.
9:43 of 3rd period - Deflect By Frederik Gauthier.
9:43 of 3rd period - Shot Misses the Net.
9:46 of 3rd period - Icing by Julius Honka.
9:47 of 3rd period - Igor Shvyrev wins face-off versus Tyler Angle in Bruins zone.
10:20 of 3rd period - Icing by Tyler Angle.
10:21 of 3rd period - Tyler Angle wins face-off versus Nathan Bastian in Comets zone.
10:21 of 3rd period - Tyler Angle is hit by Nathan Bastian.
11:15 of 3rd period - Shot by Derek Ryan.
11:15 of 3rd period - Shot Misses the Net.
11:27 of 3rd period - Shot by Hunter Shinkaruk.
11:27 of 3rd period - Shot Misses the Net.
11:29 of 3rd period - Shot by Jansen Harkins.
11:29 of 3rd period - Stopped by Connor Ingram without a rebound.
11:30 of 3rd period - Ryan O'Reilly wins face-off versus Frederik Gauthier in Comets zone.
12:03 of 3rd period - Shot by Jakob Forsbacka-Karlsson.
12:03 of 3rd period - Deflect By Tyler Weiss.
12:03 of 3rd period - Stopped by Connor Ingram without a rebound.
12:04 of 3rd period - Jansen Harkins wins face-off versus Chase De Leo in Comets zone.
12:11 of 3rd period - Shot by Jansen Harkins.
12:11 of 3rd period - Shot Blocked by Jordan Schmaltz.
12:34 of 3rd period - Michael Raffl is hit by Reilly Walsh.
12:51 of 3rd period - Off-side.
12:52 of 3rd period - Nathan Bastian wins face-off versus Derek Ryan in neutral zone.
12:54 of 3rd period - Off-side.
12:55 of 3rd period - Derek Ryan wins face-off versus Nathan Bastian in neutral zone.
13:25 of 3rd period - Icing by Jesse Graham.
13:26 of 3rd period - Frederik Gauthier wins face-off versus Nathan Bastian in Bruins zone.
13:47 of 3rd period - Off-side.
13:48 of 3rd period - Jansen Harkins wins face-off versus Tyler Angle in neutral zone.
13:53 of 3rd period - Shot by Hunter Shinkaruk.
13:53 of 3rd period - Stopped by Connor Ingram without a rebound.
13:54 of 3rd period - Jansen Harkins wins face-off versus Derek Ryan in Comets zone.
14:01 of 3rd period - Shot by Michal Kempny.
14:01 of 3rd period - Shot Blocked by Markus Niemelainen.
14:03 of 3rd period - Shot by Jansen Harkins.
14:03 of 3rd period - Stopped by Connor Ingram without a rebound.
14:04 of 3rd period - Igor Shvyrev wins face-off versus Derek Ryan in Comets zone.
14:10 of 3rd period - Minor Penalty to Matej Stransky for Hooking.
14:10 of 3rd period - Minor Penalty to Markus Niemelainen for Interference.
14:11 of 3rd period - Derek Ryan wins face-off versus Bryce Kindopp in Comets zone.
14:18 of 3rd period - Shot by Bryce Kindopp.
14:18 of 3rd period - Shot Misses the Net.
14:32 of 3rd period - Shot by Derek Ryan.
14:32 of 3rd period - Shot Blocked by Nathan Bastian.
14:44 of 3rd period - Shot by Derek Ryan.
14:44 of 3rd period - Shot Misses the Net.
14:50 of 3rd period - Shot by Tyler Angle.
14:50 of 3rd period - Stopped by Joey Daccord without a rebound.
14:51 of 3rd period - Derek Ryan wins face-off versus Bryce Kindopp in Bruins zone.
15:11 of 3rd period - Shot by Nathan Bastian.
15:11 of 3rd period - Stopped by Connor Ingram without a rebound.
15:12 of 3rd period - Trevor Lewis wins face-off versus Derek Grant in Comets zone.
15:17 of 3rd period - Shot by Brandon Davidson.
15:17 of 3rd period - Shot Blocked by Reilly Walsh.
15:19 of 3rd period - Shot by Brandon Davidson.
15:19 of 3rd period - Shot Misses the Net.
15:21 of 3rd period - Shot by Brandon Davidson.
15:21 of 3rd period - Stopped by Joey Daccord without a rebound.
15:22 of 3rd period - Bryce Kindopp wins face-off versus Tyler Angle in Bruins zone.
15:41 of 3rd period - Shot by Derek Ryan.
15:41 of 3rd period - Stopped by Joey Daccord without a rebound.
15:42 of 3rd period - Derek Ryan wins face-off versus Derek Grant in Bruins zone.
16:02 of 3rd period - Icing by Brandon Davidson.
16:03 of 3rd period - Bryce Kindopp wins face-off versus Derek Ryan in Comets zone.
16:31 of 3rd period - Icing by Jesse Graham.
16:32 of 3rd period - Igor Shvyrev wins face-off versus Tyler Angle in Bruins zone.
16:39 of 3rd period - Shot by Matej Stransky.
16:39 of 3rd period - Stopped by Connor Ingram without a rebound.
16:40 of 3rd period - Frederik Gauthier wins face-off versus Reid Boucher in Comets zone.
16:54 of 3rd period - Reid Boucher is hit by Brandon Davidson and loses puck.
17:03 of 3rd period - Michal Kempny is hit by Dennis Yan and loses puck.
17:19 of 3rd period - Reilly Walsh is hit by Michael Joly.
17:31 of 3rd period - Michael Joly is hit by Nathan Bastian and loses puck.
18:32 of 3rd period - Shot by Chris Terry.
18:32 of 3rd period - Shot Blocked by Josh Brook.
19:02 of 3rd period - Bruins, Joey Daccord is pulled from the net.
19:16 of 3rd period - Shot by Ryan O'Reilly.
19:16 of 3rd period - Deflect By Jakob Forsbacka-Karlsson.
19:16 of 3rd period - Stopped by Connor Ingram without a rebound.
19:17 of 3rd period - Igor Shvyrev wins face-off versus Chase De Leo in Comets zone.
19:32 of 3rd period - Shot by Michal Kempny.
19:32 of 3rd period - Shot Misses the Net.
19:34 of 3rd period - Shot by Michal Kempny.
19:34 of 3rd period - Stopped by Connor Ingram without a rebound.
19:35 of 3rd period - Derek Ryan wins face-off versus Nathan Bastian in Comets zone.
19:35 of 3rd period - Derek Ryan is hit by Nathan Bastian.
Goals for this period are 0 for Comets vs 0 for Bruins.
Shots for this period are 10 for Comets vs 18 for Bruins.